Unix NetHack Version 5.0.0-0 post-release - last build Jun 10 2026 00:39:30 (3ee93aec679c4c4259841fe613dc97188e26a321,branch:main).

Game began 2026-06-18 07:37:54, ended 2026-06-19 07:32:04.

LDaviesPeters, neutral female human Archeologist

 -------------
 |...........|            +            -----------
 |...........|          --|--          |.........|
 |.........<.|         #+.@h|          |[.....:..|    ---------------
 -----------|-         #|..(d##        -.........+)`#)|[....?.!.+%*]|
            #          #|._(| #        |.........|   #|..?....?!.!%%|
            #          #----- #        |..........#  #-.%.....%.!%!?|
         ####          #      #        |.[...)[...####|.[....)!?.!%.|
        ##             ##     #        -------)---    |..)...).%.%!%|
        #               ##    ##              #       ---------------
        #                ##    #           ####
    ----.--              ##    #        ####
    |......################    ##    ---.------
    |.....|      ---------#     ####[.^...^...|
    |.....-##### |........#          |>.......|
    -------    # |.......|   ########-........|
               # |.......-####       ----------
               ##........|
                 ---------

LDaviesPeters the Investigator  St:11 Dx:15 Co:13 In:18 Wi:18 Ch:8  Neutral
Dlvl:7  $:0  HP:0(51) Pw:56(56) AC:-4 Xp:7 T:8761 

Latest messages:
 The large dog misses the dwarf lady.
 The dwarf lady thrusts her broad short sword.
 The dwarf lady hits!
 The dwarf lady thrusts her broad short sword.
 The dwarf lady hits again!
 The large dog misses the dwarf lady.
 The large dog misses the dwarf lady.
 The dwarf lady thrusts her broad short sword.
 The dwarf lady hits!
 The dwarf lady thrusts her broad short sword.
 The dwarf lady hits again!
 The large dog bites the dwarf lady.
 The dwarf lady thrusts her broad short sword at the large dog.
 The dwarf lady hits the large dog.
 The dwarf lady thrusts her broad short sword at the large dog.
 The dwarf lady misses the large dog.
 The large dog misses the dwarf lady.
 The large dog misses the dwarf lady.
 The large dog misses the dwarf lady.
 The dwarf lady thrusts her broad short sword.
 The dwarf lady hits!
 The dwarf lady thrusts her broad short sword.
 The dwarf lady misses!
 The large dog bites the dwarf lady.
 The large dog misses the dwarf lady.
 The large dog bites the dwarf lady.
 The dwarf lady thrusts her broad short sword at the large dog.
 The dwarf lady hits the large dog.
 The dwarf lady thrusts her broad short sword at the large dog.
 The dwarf lady misses the large dog.
 The dwarf lady thrusts her broad short sword.
 The dwarf lady hits!
 The dwarf lady thrusts her broad short sword.
 The dwarf lady just misses!
 The large dog misses the dwarf lady.
 The dwarf lady thrusts her broad short sword.
 The dwarf lady hits!
 The dwarf lady thrusts her broad short sword.
 The dwarf lady hits again!
 The large dog misses the dwarf lady.
 The large dog misses the dwarf lady.
 The large dog misses the dwarf lady.
 The dwarf lady thrusts her broad short sword.
 The dwarf lady hits!
 You die...
 Do you want your possessions identified? [ynq] (y) y
 Do you want to see your attributes? [ynq] (y) y
 Do you want an account of creatures vanquished? [ynaq] (y) n
 Do you want to see your conduct and achievements? [ynq] (y) y
 Do you want to see the dungeon overview? [ynq] (y) n

Inventory:
 Amulets  ('"')
  r - an uncursed amulet versus poison (being worn)
 Weapons  (')')
  I - 3 +0 darts
  z - 5 +0 shuriken
  e - a +0 elven spear
  V - a +0 orcish dagger
  a - a +2 bullwhip (weapon in left hand)
 Armor    ('[')
  R - an uncursed +0 orcish helm (being worn)
  F - an uncursed +0 pair of gauntlets of dexterity (being worn)
  j - a blessed +1 pair of iron shoes (being worn)
  N - an uncursed +1 shield of shock resistance (being worn)
  h - a blessed +0 elven cloak (being worn)
  t - an uncursed +0 mummy wrapping
  T - an uncursed +0 elven mithril-coat (being worn)
 Comestibles  ('%')
  n - an uncursed partly eaten food ration
  K - an uncursed lembas wafer
 Spellbooks  ('+')
  C - an uncursed spellbook of dig
 Rings    ('=')
  q - an uncursed ring of conflict
  Q - an uncursed +1 ring of increase damage (on right hand)
  s - an uncursed ring of levitation
  P - a blessed +1 ring of protection (on left hand)
 Wands    ('/')
  m - a wand of create monster (0:12)
  b - a wand of magic missile (0:8)
 Tools    ('(')
  w - an uncursed magic whistle
  l - an uncursed oil lamp
  p - a +0 pick-axe
  v - an uncursed tin whistle
  B - an uncursed towel
  u - a +0 unicorn horn
 Gems/Stones  ('*')
  k - an uncursed jet stone
  g - an uncursed touchstone

LDaviesPeters the Archeologist's attributes:

Background:
 You were an Investigator, a level 7 female human Archeologist.
 You were neutral, on a mission for Camaxtli
 who was opposed by Quetzalcoatl (lawful) and Huhetotl (chaotic).
 You were left-handed.
 You were in the Dungeons of Doom, on level 7.
 You entered the dungeon 8761 turns ago.
 You had 901 experience points, 379 more were needed to attain level 8.

Basics:
 You had 0 out of 51 hit points.
 You had all 56 energy points (spell power).
 Your armor class was -4.
 Your wallet was empty.
 Autopickup was off.

Final Characteristics:
 Your strength was 11 (limit:18/100).
 Your dexterity was 15 (limit:18).
 Your constitution was 13 (limit:18).
 Your intelligence was 18 (limit:18).
 Your wisdom was 18 (limit:18).
 Your charisma was 8 (limit:18).

Final Status:
 You weren't hungry.
 You were unencumbered.
 You were wielding a whip.
 You had expert skill with whip.

Final Attributes:
 You were piously aligned.
 You were shock resistant.
 Your items were protected from electric shocks.
 You were poison resistant.
 You had automatic searching.
 You were stealthy.
 You had a small damage bonus (+1).
 You had a small defense bonus (+1).
 You were protected.
 Your spell casting was impaired by metallic armor.
 You are dead.

Miscellaneous:
 You didn't encounter any bones levels.
 Total elapsed playing time was 2 hours, 15 minutes and 8 seconds.

Major events:
 Turn
    1: LDaviesPeters the neutral female human Archeologist entered the dungeon
 1943: attained the rank of Field Worker (level 3)
 3768: entered the Gnomish Mines
 6291: attained the rank of Investigator (level 6)
 8761: killed by a dwarf lady, while reading a book

Spells:
 Name                 Level Category     Fail Retention
 magic missile          2   attack       100%   51%-75%
 cure blindness         2   healing      100%   51%-75%
 light                  1   divination   100%   51%-75%
 drain life             2   attack       100%   51%-75%
 chain lightning        2   attack       100%   51%-75%
 cure sickness          3   healing      100%  76%-100%

Skills:
 Fighting Skills
   bare handed combat [Unskilled]
   two weapon combat  [Unskilled]
   riding             [Unskilled]
 Weapon Skills
   dagger             [Unskilled]
   knife              [Unskilled]
   pick-axe           [Basic]
   short sword        [Unskilled]
   saber              [Unskilled]
   club               [Unskilled]
   quarterstaff       [Unskilled]
   sling              [Unskilled]
   dart               [Unskilled]
   boomerang          [Unskilled]
   whip               [Expert]
   unicorn horn       [Unskilled]
 Spellcasting Skills
   attack spells      [Unskilled]
   healing spells     [Unskilled]
   divination spells  [Unskilled]
   matter spells      [Unskilled]

Voluntary challenges:
 Character rerolling was not enabled.
 You never genocided any monsters.
 You never polymorphed an object.
 You never changed form.
 You used no wishes.
Achievements:
 You entered a shop.
 You attained the rank of Field Worker.
 You entered the Gnomish Mines.
 You attained the rank of Investigator.

 The Dungeons of Doom: levels 1 to 8
    Level 1:
    Level 2:
       A general store.
    Level 3:
       A bookstore, a fountain, a grave.
    Level 4:
       Stairs down to The Gnomish Mines.
    Level 5:
       A general store.
    Level 6:
    Level 7: <- You were here.
       A general store, an altar.
       Final resting place for
          you, killed by a dwarf lady, while reading a book.
    Level 8:
       A sink.
 The Gnomish Mines:
    Level 5:


Vanquished creatures:
  a small mimic
  a leprechaun
  3 dingoes
  a dwarf leader
  a black unicorn
  a raven
  2 snakes
  2 apes
  7 Woodland-elves
  a wood nymph
  7 Mordor orcs
  4 Uruk-hai
  a rock piercer
  a rock mole
  a gnome leader
  a kobold mummy
  a gray ooze
  a ghoul
  a paper golem
  6 giant ants
  2 floating eyes
  2 dwarves
  a homunculus
  a kobold leader
  5 rothes
  a rabid rat
  a centipede
  2 giant bats
  6 orc zombies
 an iguana
  2 coyotes
  a gas spore
  a hobbit
  a large kobold
  a hobgoblin
  4 giant rats
  2 brown molds
  3 yellow molds
  a green mold
  a gnome
  4 garter snakes
  2 gnome zombies
  8 geckos
 12 jackals
  3 foxes
  3 kobolds
  4 goblins
  2 sewer rats
 11 grid bugs
  2 bats
  6 lichens
  a kobold zombie
  6 newts
147 creatures vanquished.

No species were genocided or became extinct.

Game over:
                       ----------
                      /          \
                     /    REST    \
                    /      IN      \
                   /     PEACE      \
                  /                  \
                  |  LDaviesPeters   |
                  |       0 Au       |
                  |   killed by a    |
                  |    dwarf lady    |
                  |                  |
                  |                  |
                  |       2026       |
                 *|     *  *  *      | *
        _________)/\\_//(\/(/\)/\//\/|_)_______

Goodbye LDaviesPeters the Archeologist...

You died in The Dungeons of Doom on dungeon level 7 with 3964 points,
and 0 pieces of gold, after 8761 moves.
You were level 7 with a maximum of 51 hit points when you died.

